 Dungeon Crawl Stone Soup version 0.27.1-33-g824d729ab1 (webtiles) character file.

Game seed: 3009632978681011117

159 Nixze the Firebug (level 5, 0/30 HPs)
             Began as a Deep Elf Fire Elementalist on Dec 23, 2021.
             Slain by Terence (6 damage)
             ... on level 3 of the Dungeon.
             The game lasted 00:07:53 (2868 turns).

Nixze the Firebug (Deep Elf Fire Elementalist)      Turns: 2868, Time: 00:07:54

Health: 0/30       AC:  6    Str:  5    XL:     5   Next: 17%
Magic:  9/11       EV: 12    Int: 21    God:
Gold:   27         SH:  0    Dex: 15    Spells: 3/10 levels left

rFire    . . .     SeeInvis .   b - +0 dagger
rCold    + . .     Faith    .   (no shield)
rNeg     . . .     Spirit   .   d - +0 leather armour
rPois    .         Reflect  .   (no helmet)
rElec    .         Harm     .   e - +2 cloak
rCorr    .         Rampage  .   (no gloves)
Will     .....                  (no boots)
Stlth    ++........             (no amulet)
HPRegen  0.10/turn              g - ring of protection from cold
MPRegen  0.12/turn              (no ring)

@: no status effects
A: no striking features
a: no special abilities


You were on level 3 of the Dungeon.
You visited 1 branch of the dungeon, and saw 3 of its levels.

You collected 27 gold pieces.

Inventory:

Hand Weapons
 b - a +0 dagger (weapon)
Missiles
 a - 37 poisoned darts (quivered)
 f - 40 stones
 h - 2 datura-tipped darts
Armour
 d - a +0 leather armour (worn)
 e - a +2 cloak (worn)
Jewellery
 g - a ring of protection from cold (left hand)
Scrolls
 c - 4 scrolls of identify {unknown}
 i - a scroll of enchant weapon {unknown}
 k - a scroll of fear {unknown}
 l - 2 scrolls of immolation {unknown}
 m - a scroll of blinking {unknown}
 n - a scroll of vulnerability {unknown}
Potions
 j - 2 potions of curing {unknown}
 o - a potion of magic {unknown}
 p - a potion of haste {unknown}


   Skills:
 - Level 2.0 Fighting
 - Level 3.0 Dodging
 - Level 3.0 Stealth
 - Level 3.0 Spellcasting
 + Level 3.5 Conjurations
 - Level 4.0 Fire Magic


You had 3 spell levels left.
You knew the following spells:

 Your Spells              Type           Power      Damage    Failure   Level
a - Foxfire               Conj/Fire      76%        2x1d7     4%          1
b - Conjure Flame         Conj/Fire      19%        6-21      14%         3
c - Inner Flame           Hex/Fire       11%        N/A       28%         3

Your spell library contained the following spells:

 Spells                   Type           Power      Damage    Failure   Level
 Sublimation of Blood     Necr           1%         N/A       32%         2
 Wereblood                Tmut           3%         N/A       32%         2
 Sticky Flame             Conj/Fire      19%        2d4       43%         4
 Fireball                 Conj/Fire      9%         3d6       78%         5
 Summon Hydra             Summ           1%         N/A       100%        7


Dungeon Overview and Level Annotations

Branches:
Dungeon (3/15)

Altars:

Annotations:
D:3 Grinder, Terence


Message History

The floor.
Unknown command.
Clearing level map.
You aren't carrying any items that you can evoke.
Unknown command.
Unknown command.
Unknown command.
Throw: 38 darts (poison)
Press: ? - help, Q - select action, (/) - cycle Shift-Dir - straight line, f/p - Terence
Aim: Terence, wielding a +0 flail and wearing a +4 chain mail of poison resistance (severely wounded, 67% to hit)
You throw a poisoned dart.
The poisoned dart closely misses Terence.
Terence closely misses you.
Casting: Foxfire (safe; 4% risk of failure)
Confirm with . or Enter, or press ? or * to list all spells.
You conjure some foxfire!
Terence hits you with a +0 flail.
The foxfire hits Terence but does no damage.
Terence is severely wounded.
The foxfire hits Terence.
Terence is almost dead.
Casting: Foxfire (safe; 4% risk of failure)
Confirm with . or Enter, or press ? or * to list all spells.
You conjure some foxfire!
Terence hits you with a +0 flail!
* * * LOW HITPOINT WARNING * * *
The foxfire hits Terence.
Terence is almost dead.
The foxfire hits Terence but does no damage.
Terence is almost dead.
Terence looks scornfully at you.
You see here a poisoned dart.
Press: ? - help, v - describe, . - travel
Here: Terence, wielding a +0 flail and wearing a +4 chain mail of poison resistance (almost dead)
The floor.
Unknown command.
Unknown command.
Unknown command.
You see here a poisoned dart.
Terence shouts, "ATTACK!!!"
Terence hits you with a +0 flail.
You die...

........###..##.#...# #># #
.........#.####.#...#### ##.## #
..........## #.#......###...####
.#...###.## #......#...........
.##..# #.# ###.#..#####...####
.##..# #.# ##.......)...## #
.##..# #.# #.............####
.##..# #.# #@##..#...........
.#...###.# #@##..#.#####.####
.........# #####(##..#...........
.........###.........#.#####.####
##...........###.##.##># #.#
#..##.####### #.##<...# #.#
#..##.## #.#####.# #.# #..##..#
#.# .. ... #..###.# #.# ## #.#
#..# #.# #..


You could see Terence.

Vanquished Creatures
  Natasha (D:3)
  3 adders
  7 gnolls (D:2)
  A dart slug (D:2)
  An orc (D:3)
  6 bats
  4 endoplasms
  4 hobgoblins
  A quokka (D:1)
  6 ball pythons
  3 goblins
  2 kobolds
  3 rats
42 creatures vanquished.

Vanquished Creatures (others)
  166 foxfires
166 creatures vanquished.

Grand Total: 208 creatures vanquished

Notes
Turn   | Place    | Note
-------+----------+-------------------------------------------
     0 | D:1      | Nixze the Deep Elf Fire Elementalist began the quest for
                  | the Orb.
     0 | D:1      | Reached XP level 1. HP: 10/10 MP: 6/6
   351 | D:1      | Found a faded altar of an unknown god.
   353 | D:1      | Reached skill level 4 in Fire Magic
   353 | D:1      | Reached XP level 2. HP: 15/15 MP: 5/8
   811 | D:2      | Reached XP level 3. HP: 20/20 MP: 4/9
   957 | D:2      | Learned a level 3 spell: Conjure Flame
   961 | D:2      | Learned a level 3 spell: Inner Flame
   994 | D:2      | Reached skill level 1 in Fighting
  1487 | D:2      | Reached XP level 4. HP: 26/26 MP: 3/10
  2489 | D:3      | Noticed Natasha
  2492 | D:3      | Killed Natasha
  2493 | D:3      | Reached XP level 5. HP: 22/30 MP: 7/11
  2696 | D:3      | Noticed Grinder
  2761 | D:3      | Noticed Terence
  2868 | D:3      | Slain by Terence

Illustrated notes

Levels and vault maps discovered:
D:1:      ncdulo_halloftheorcs, layout_basic, basic_ecumenical_altar
D:2:      layout_basic, minmay_crystal_room
D:3:      layout_loops_ring, minmay_divided_ellipse, uniq_jessica, uniq_natasha,
          uniq_terence, uniq_grinder

Skill      XL: |  1  2  3  4 |
---------------+-------------+-----
Fire Magic     | 4 |  4.0
Stealth        | 3 |  3.0
Dodging        | 3 |  3.0
Fighting       | 2 |  2.0
Conjurations   | 3 |  3.5
Spellcasting   | |  3.0

Action                   |  1- 3 |  4- 6 || total
-------------------------+-------+-------++-------
Melee: Dagger            |       |    10 ||    10
Throw: Dart              |       |     1 ||     1
 Cast: Foxfire           |    54 |    49 ||   103
Armor: Leather armour    |     4 |     7 ||    11
Dodge: Dodged            |     3 |    23 ||    26
